 Dungeon Crawl Stone Soup version 0.26.1-11-gd32895ea62 (webtiles) character file.

Game seed: 8246809505210372785

778 Almogavar the Slasher (level 7, 0/56 HPs)
             Began as a Barachi Fighter on June 21, 2021.
             Was an Initiate of Okawaru.
             Splashed by a jelly's acid (3 damage)
             ... on level 6 of the Dungeon.
             The game lasted 00:10:09 (4790 turns).

Almogavar the Slasher (Barachi Fighter)             Turns: 4790, Time: 00:10:10

Health: 0/56       AC:  3    Str: 20    XL:     7   Next: 85%
Magic:  7/7        EV:  9    Int:  8    God:    Okawaru [......]
Gold:   299        SH: 10    Dex: 11    Spells: 6/6 levels left

rFire    . . .     SeeInvis +   a - +0 long sword
rCold    . . .     Faith    .   c - +0 kite shield
rNeg     . . .     Spirit   .   b - +0 scale mail
rPois    .         Reflect  .   (no helmet)
rElec    .         Harm     .   (no cloak)
rCorr    .         Rampage  .   (no gloves)
Will     .....                  (no boots)
Stlth    ..........             (no amulet)
HPRegen  0.18/turn              k - ring of see invisible
MPRegen  0.10/turn              (no ring)

@: corroded, slow
A: +LOS, swims, slowness 1, strong legs 1
a: Hop, Renounce Religion


You were on level 6 of the Dungeon.
You worshipped Okawaru.
Okawaru was noncommittal.
You visited 2 branches of the dungeon, and saw 7 of its levels.

You collected 299 gold pieces.

Inventory:

Hand Weapons
 a - a +0 long sword (weapon)
 r - a +0 hunting sling
Missiles
 s - 21 bolts
 u - 30 sling bullets
Armour
 b - a +0 scale mail (worn)
 c - a +0 kite shield (worn)
 l - a +0 chain mail
Magical Staves
 q - an uncursed staff of earth {unknown}
Jewellery
 k - a ring of see invisible (left hand)
Wands
 t - a wand of flame (19)
Scrolls
 f - 2 scrolls of blinking
 g - 2 scrolls of fog
 j - a scroll of enchant armour
 p - a scroll of amnesia
Potions
 d - 2 potions of might
 e - 2 potions of curing
 m - 4 potions of lignification
 n - a potion of brilliance {unknown}
 v - a potion of flight {unknown}
 w - a potion of resistance {unknown}
 x - a potion of haste {unknown}
 z - 2 potions of mutation {unknown}


   Skills:
 + Level 5.3 Fighting
 + Level 6.1 Long Blades
 + Level 5.7 Armour
 + Level 2.4 Dodging
 + Level 0.9 Stealth
 + Level 5.4 Shields


You had 6 spell levels left.
You didn't know any spells.
Your spell library was empty.

Dungeon Overview and Level Annotations

Branches:
Dungeon (6/15)             Temple (1/1) D:5

Altars:
Ashenzari
Cheibriados
Dithmenos
Fedhas
Gozag
Hepliaklqana
Kikubaaqudgha
Makhleb
Okawaru
Qazlal
Ru
Trog
Uskayaw
Vehumet
Wu Jian
Xom
Yredelemnul
Zin
The Shining One

Shops:
D:5 (   D:6 [


Innate Abilities, Weirdness & Mutations

You can be seen from farther away. (+LOS)
You can swim through water.
You cover ground slowly.
You can hop short distances.


Message History

The howler monkey is severely wounded.
The howler monkey hits you.
* * * LOW HITPOINT WARNING * * *
You hit the howler monkey.
The howler monkey is severely wounded.
The howler monkey hoots and howls with incredible vigour!
The howler monkey hits you.
* * * LOW HITPOINT WARNING * * *
You slash the howler monkey!
You kill the howler monkey!
Okawaru accepts your kill.
A jelly comes into view.
The jelly quivers.
Found Wuoz Cua's Armour Shoppe.
You hit the jelly.
Your hands burn!
* * * LOW HITPOINT WARNING * * *
The jelly is moderately wounded.
You block the jelly's attack.
You hit the jelly. The acid corrodes you!
Your hands burn!
You die...

..# ........ ..#
........ .#####
........
.....########
........
>...........#
........
.....######.#
........ .....#
#.# ........
.....#
#.######......∩.
.....#
#.....@J........
....##
#############.##
....# ....# ....


You could see a jelly.

Vanquished Creatures
  2 ogres
  A sky beast (D:5)
  3 scorpions
  A water moccasin zombie (D:2)
  A howler monkey (D:6)
  A hound (D:5)
  2 orc priests
  2 worker ants
  6 adders
  2 ufetubi
  An ooze (D:2)
  A worm (D:2)
  A dart slug (D:1)
  3 leopard geckos
  7 orcs
  2 giant cockroaches
  8 goblins
  10 hobgoblins
  7 jackals
  A quokka (D:3)
  2 ball pythons
  6 bats
  4 frilled lizards
  4 kobolds
  A leopard gecko skeleton (D:5)
  5 rats
84 creatures vanquished.

Notes
Turn   | Place    | Note
-------+----------+-------------------------------------------
     0 | D:1      | Almogavar the Barachi Fighter began the quest for the Orb.
     0 | D:1      | Reached XP level 1. HP: 18/18 MP: 1/1
   132 | D:1      | Found a glowing golden altar of the Shining One.
   207 | D:1      | Reached XP level 2. HP: 25/25 MP: 2/2
   755 | D:2      | Reached XP level 3. HP: 27/30 MP: 3/3
   929 | D:2      | Reached skill level 3 in Long Blades
  1161 | D:2      | Reached skill level 1 in Dodging
  1161 | D:2      | Reached XP level 4. HP: 29/37 MP: 4/4
  1402 | D:3      | Found a stormy altar of Qazlal.
  1402 | D:3      | Noticed a fire elemental
  1403 | D:3      | Noticed an earth elemental
  1403 | D:3      | Noticed a water elemental
  1404 | D:3      | Noticed an air elemental
  1419 | D:3      | Reached XP level 5. HP: 40/42 MP: 5/5
  1471 | D:3      | Reached skill level 4 in Long Blades
  2251 | D:4      | Found a sacrificial altar of Ru.
  2293 | D:4      | Found a hazy altar of Hepliaklqana.
  2421 | D:4      | HP: 2/43 [poisoned by a scorpion]
  2424 | D:4      | Reached XP level 6. HP: 8/49 MP: 6/6
  2780 | D:5      | Entered Level 5 of the Dungeon
  2782 | D:5      | Found an opulent altar of Gozag.
  3297 | D:5      | Found a staircase to the Ecumenical Temple.
  3305 | Temple   | Entered the Ecumenical Temple
  3416 | Temple   | Became a worshipper of Warmaster Okawaru
  3525 | D:5      | Reached skill level 5 in Long Blades
  3667 | D:5      | Noticed a sky beast
  3684 | D:5      | Killed a sky beast
  3685 | D:5      | Reached skill level 5 in Armour
  3685 | D:5      | Reached skill level 5 in Shields
  3685 | D:5      | Reached XP level 7. HP: 31/55 MP: 7/7
  3916 | D:5      | Found an ornate altar of the Wu Jian Council.
  4187 | D:5      | Reached skill level 5 in Fighting
  4540 | D:5      | Found Wynuatev's Antique Weapon Emporium.
  4720 | D:6      | Reached skill level 6 in Long Blades
  4786 | D:6      | Found Wuoz Cua's Armour Shoppe.
  4789 | D:6      | HP: 2/56 [acid (4)]
  4790 | D:6      | Splashed by a jelly's acid

Illustrated notes

Levels and vault maps discovered:
D:1:      tarquinn_simple_flora_water_c, layout_loops_ring, tso_altar
D:2:      layout_basic
D:3:      layout_loops_ring, nicolae_qazlal_style_of_elements
D:4:      layout_rooms, nicolae_ru_awakened_eye, nicolae_overflow_crystal_walls,
          solitary_fountain
D:5:      layout_gridville, marbit_many_paths, minmay_temple_entry_butterflies,
          serial_shops, kennysheep_mini_moat, nicolae_gozag_seed_capital
D:6:      layout_basic, lemuel_coloured_pillars_altar, gup_sewer_entry_bowl,
          serial_shops, shop, nicolae_dithmenos_through_a_glass_darkly
Temple:   eino_temple_rhombus

Skill      XL: |  1  2  3  4  5  6  7 |
---------------+----------------------+-----
Fighting       | 4 5 |  5.3
Long Blades    | 3 4 5 6 |  6.1
Shields        | 4 5 |  5.4
Armour         | 4 5 |  5.7
Dodging        | 1 2 |  2.4
Stealth        | |  0.9

Action                   |  1- 3 |  4- 6 |  7- 9 || total
-------------------------+-------+-------+-------++-------
Melee: Long sword        |   132 |   171 |    42 ||   345
  Use: Potion            |       |     1 |       ||     1
       Scroll            |       |     4 |     5 ||     9
Armor: Scale mail        |    86 |    64 |     9 ||   159
Dodge: Dodged            |    55 |    67 |    10 ||   132
Block: Kite shield       |   110 |    97 |    16 ||   223
       Rpst.: Long sword |    22 |    18 |     2 ||    42
